 Dungeon Crawl Stone Soup version 0.30.0-29-ga12c61a403 (webtiles) character file.

Game seed: 11183785903473350553

162 Fecro the Covert (level 5, -1/26 HPs)
             Began as a Spriggan Brigand on June 13, 2023.
             Killed from afar by an oklob sapling (23 damage)
             ... with a splash of acid
             ... on level 4 of the Dungeon.
             The game lasted 00:13:55 (3204 turns).

Fecro the Covert (Spriggan Brigand)                 Turns: 3204, Time: 00:13:56

Health: -1/26      AC:  3    Str: 13      XL:     5   Next: 19%
Magic:  8/8        EV: 16    Int: 12      God:
Gold:   81         SH:  0    Dex: 15 (19) Spells: 7/7 levels left

rFire   . . .        a - +2 dagger
rCold   . . .        (no shield)
rNeg    . . .        b - +0 robe
rPois   .            (helmet restricted)
rElec   .            c - +0 cloak
rCorr   .            (gloves unavailable)
SInv    +            (boots unavailable)
Will    .....        (no amulet)
Stlth   ++++         z - +6 ring of strength
HPRegen 0.24/turn    (no ring)
MPRegen 0.11/turn

%: no passive effects
@: very quick
A: very small, no large weapons, unfitting armour, see invisible, speed 3
a: no special abilities


You were on level 4 of the Dungeon.
You visited 2 branches of the dungeon, and saw 5 of its levels.
You also visited: Ossuary.

You collected 81 gold pieces.

Inventory:

Hand Weapons
 a - a +2 dagger (weapon)
 s - a +0 sling
Missiles
 d - 8 poisoned darts (quivered)
 w - a boomerang
Armour
 b - a +0 robe (worn)
 c - a +0 cloak (worn)
Jewellery
 r - a ring of protection from fire
 v - a ring of protection from cold
 z - a +6 ring of strength (left hand)
Scrolls
 f - a scroll of blinking {unknown}
 j - a scroll of fog {unknown}
 l - a scroll of enchant weapon {unknown}
 m - a scroll of identify {unknown}
 p - 2 scrolls of fear {unknown}
 q - a scroll of torment {unknown}
 t - a scroll of teleportation {unknown}
 u - a scroll of amnesia {unknown}
 y - a scroll of vulnerability {unknown}
Potions
 g - a potion of ambrosia {unknown}
 h - a potion of brilliance {unknown}
 i - 2 potions of haste {unknown}
 k - 3 potions of curing
 n - a potion of lignification {unknown}
 o - a potion of resistance {unknown}
 x - a potion of cancellation {unknown}
 A - a potion of berserk rage {unknown}
 B - a potion of might {unknown}


   Skills:
 + Level 1.7 Fighting
 + Level 2.9 Short Blades
 + Level 2.1 Throwing
 + Level 1.9 Dodging
 * Level 8.7 Stealth
 * Level 1.8 Spellcasting


You had 7 spell levels left.
You didn't know any spells.
Your spell library was empty.

Dungeon Overview and Level Annotations

Branches:
Dungeon (4/15)             Temple (1/1) D:4         Ossuary (visited)

Altars:
Wu Jian

Annotations:
D:4 exclusion: oklob sapling, Dowan, Eustachio


Innate Abilities, Weirdness & Mutations

You are very small and have problems with some larger weapons.
You are too small for most types of armour.
You have supernaturally acute eyesight. (SInv)
You cover ground extremely quickly. (Speed+++)


Message History

Really walk into a travel-excluded area? [Y]es or [N]o only, please.
Really walk into a travel-excluded area? [Y]es or [N]o only, please.
Really walk into a travel-excluded area? [Y]es or [N]o only, please.
Really walk into a travel-excluded area?
Okay, then.
There are monsters nearby!
Really walk into a travel-excluded area?
You see here 2 poisoned darts.
Found a staircase to the Ecumenical Temple.
Things that are here:
a poisoned dart; 2 curare-tipped darts Eustachio casts a spell.
Eustachio blinks!
Eustachio gestures wildly while chanting.
Found a glowing silver ring.
Dowan, Brother of Duvessa comes into view.
He is wielding a +0 dagger.
There is a staircase to the Ecumenical Temple here.
You climb downwards.
Welcome to the Ecumenical Temple!
There is a staircase back to the Dungeon here.
Found an ornate altar of the Wu Jian Council.
There is a staircase back to the Dungeon here.
This staircase leads to a travel-excluded area!
Enter next level anyway?
Okay, then.
There is a staircase back to the Dungeon here.
This staircase leads to a travel-excluded area!
Enter next level anyway?
You climb upwards.
Welcome back to the Dungeon!
Level annotation: exclusion: oklob sapling, Dowan, Eustachio Eustachio yells, "Perjured traitor, DIE!"
There is a staircase to the Ecumenical Temple here.
There are monsters nearby!
You closely miss the quokka. You punch the quokka, but do no damage.
The oklob sapling spits acid at you. The splash of acid hits you!!
Ouch! That really hurt!
You die...

........
.....................##
.....<................##
.......................#
........................
...............PP..P....
..............P.PP......
.............PPPP.PP....
.......[(.....PP@.P.....
#..ยง.....(....@r.PP.....
##.......(...P.rPP.P....
###............P........
#.......................
#.####.....#...........e
#.####....##?........=..
..8..#...###............
........## #...........


You could see Eustachio, Dowan (asleep), an oklob sapling, a river rat
(summoned) and a quokka.

Vanquished Creatures
  Crazy Yiuf (D:2)
  Natasha (D:4)
  5 adders
  2 adder zombies (Ossuary)
  A dart slug (D:3)
  4 hobgoblins
  4 jackals (D:1)
  3 kobolds
  2 quokkas
  4 ball pythons
  7 bats
  2 frilled lizards (D:2)
  7 goblins
  4 hobgoblin zombies (Ossuary)
  10 kobold zombies (Ossuary)
  8 orc zombies (Ossuary)
  5 rats
70 creatures vanquished.

Notes
Turn   | Place    | Note
-------+----------+-------------------------------------------
     0 | D:1      | Fecro the Spriggan Brigand began the quest for the Orb.
     0 | D:1      | Reached XP level 1. HP: 10/10 MP: 2/2
    25 | D:1      | Reached skill level 6 in Stealth
   142 | D:1      | Reached XP level 2. HP: 13/14 MP: 3/3
   315 | D:2      | Reached skill level 7 in Stealth
   354 | D:2      | Reached XP level 3. HP: 18/18 MP: 5/5
  1062 | D:2      | Found a runed translucent door.
  1063 | D:2      | Noticed Crazy Yiuf
  1091 | D:2      | Killed Crazy Yiuf
  1092 | D:2      | Reached skill level 8 in Stealth
  1092 | D:2      | Reached skill level 1 in Spellcasting
  1092 | D:2      | Reached XP level 4. HP: 22/22 MP: 6/6
  2111 | D:4      | Noticed Natasha
  2189 | D:4      | Killed Natasha
  2402 | D:4      | Noticed Eustachio
  2486 | D:4      | Found a sand-covered staircase.
  2492 | Ossuary  | Entered an ossuary
  2584 | Ossuary  | Reached XP level 5. HP: 26/26 MP: 8/8
  3173 | D:4      | Found a staircase to the Ecumenical Temple.
  3181 | D:4      | Noticed Dowan
  3183 | Temple   | Entered the Ecumenical Temple
  3204 | D:4      | Killed from afar by an oklob sapling

Illustrated notes

Levels and vault maps discovered:
D:1:      minmay_arrival_diagonal_passages, layout_loops_cross,
          shapermc_ecumenical_altar_acropolis, minmay_tripent
D:2:      layout_loops_ring, minmay_door_square, uniq_crazy_yiuf_cottage
D:3:      layout_loops_corners, grunt_ministairs_13, minmay_distorted
D:4:      layout_cave_pods, minmay_temple_entry_oklob, serial_shops,
          nicolae_diamond_shop, nicolae_ossuary_entry_monument, uniq_eustachio,
          uniq_robin, uniq_duvessa, uniq_natasha
Temple:   hc_temple_tempest_star

Skill      XL: |  1  2  3 |
---------------+----------+-----
Stealth        | 6 7 8 |  8.7
Spellcasting   | 1 |  1.8
Fighting       | |  1.7
Short Blades   | |  2.9
Throwing       | |  2.1
Dodging        | |  1.9

Action                     |  1- 3 |  4- 6 || total
---------------------------+-------+-------++-------
  Melee: Dagger            |    89 |   165 ||   254
         Punch             |     1 |     2 ||     3
  Throw: Dart              |     9 |    14 ||    23
         Boomerang         |       |     8 ||     8
    Use: Potion            |       |     4 ||     4
   Stab: Sleeping          |    10 |    11 ||    21
         Distracted        |     1 |     2 ||     3
 Armour: Robe              |    11 |    34 ||    45
  Dodge: Dodged            |    79 |   193 ||   272
